 Dungeon Crawl Stone Soup version 0.31-a0-188-g5e087ee2ca (webtiles) character file.

Game seed: 6848818916947047810

48 qw the Shooter (level 3, 0/20 HPs)
             Began as a Deep Elf Hunter on June 22, 2023.
             Slain by a gnoll
             ... wielding a +0 spear
              (10 damage)
             ... on level 2 of the Dungeon.
             The game lasted 00:00:16 (818 turns).

qw the Shooter (Deep Elf Hunter)                     Turns: 818, Time: 00:00:16

Health: 0/20       AC:  0    Str: 10    XL:     3   Next: 50%
Magic:  5/5        EV: 13    Int: 13    God:
Gold:   42         SH:  0    Dex: 24    Spells: 2/2 levels left

rFire   . . .        Y - +1 shortbow
rCold   . . .        (shield currently unavailable)
rNeg    . . .        (no body armour)
rPois   .            (no helmet)
rElec   .            (no cloak)
rCorr   .            (no gloves)
SInv    .            (no boots)
Will    .....        (no amulet)
Stlth   ++           e - +6 ring of dexterity
HPRegen 0.23/turn    (no ring)
MPRegen 0.09/turn

%: no passive effects
@: no status effects
A: no striking features
a: no special abilities


You were on level 2 of the Dungeon.
You visited 1 branch of the dungeon, and saw 2 of its levels.

You collected 102 gold pieces.
You spent 60 gold pieces at shops.


   Skills:
 - Level 1.5 Fighting
 - Level 7.0 Ranged Weapons
 + Level 2.5 Dodging
 - Level 1.2 Stealth


You had 2 spell levels left.
You didn't know any spells.
Your spell library was empty.

Inventory:

Hand Weapons
 Y - a +1 shortbow (weapon)
Armour
 a - a +0 ring mail
 c - a +0 leather armour
Jewellery
 e - a +6 ring of dexterity (left hand)
Scrolls
 f - 4 scrolls of identify
Potions
 d - a potion of curing

Dungeon Overview and Level Annotations

Branches:
Dungeon (2/15)

Altars:

Shops:
D:1 *

Annotations:
D:2 exclusion: gnoll


Message History

The worm closely misses you.
You shoot an arrow. The arrow hits the worm.
The worm is heavily wounded.
You shoot an arrow. The arrow hits the worm.
The worm is severely wounded.
The worm bites you.
You shoot an arrow. The arrow hits the worm.
The worm is almost dead.
The worm closely misses you.
You shoot an arrow. The arrow hits the worm!
You kill the worm!
You start resting.
HP restored.
Found a book of Displacement.
Found a stone staircase leading up.
You see here a worm corpse.
Enter note:
Enter note:
a - a +0 ring mail A gnoll comes into view.
It is wielding a +0 spear.
The gnoll shouts!
Enter note:
Enter note: You shoot an arrow.
The arrow hits the gnoll but does no damage.
A gnoll is nearby!
812 ||| UPGRADING to +0 ring mail.
You start removing your armour.
You continue taking off your +0 leather armour. x3
The gnoll hits you from afar with a +0 spear.
You continue taking off your +0 leather armour.
The gnoll hits you from afar with a +0 spear.
You finish taking off your +0 leather armour.
817 ||| UPGRADING to +0 ring mail.
The gnoll barely misses you.
You start putting on your armour.
You continue putting on your +0 ring mail.
The gnoll hits you from afar with a +0 spear!
Keep equipping yourself?
Ouch! That really hurt!
You die...

.......## #.# #.....##
.......#####..##..##..#
..........##......###.#
..#.####.....#....>##.#####
....................#.....#
.##................%.####.....
.##..#...).........%%# ...
.##..#...............## .
###... >....:...@.....# ..##.
.......#.##....... ..#
#......###g.#....... #.# #....
.[.##...##.< ## ..#[....... .
##.=..#..#... #..###..#..#
##.#


You could see a gnoll.

Vanquished Creatures
  An adder (D:2)
  2 worms (D:2)
  2 dart slugs (D:2)
  6 bats (D:1)
  2 endoplasms (D:1)
  2 giant cockroaches
  6 goblins
  A hobgoblin (D:2)
  2 ball pythons (D:1)
  A kobold (D:1)
  A rat (D:1)
26 creatures vanquished.

Notes
Turn   | Place    | Note
-------+----------+-------------------------------------------
     0 | D:1      | qw the Deep Elf Hunter began the quest for the Orb.
     0 | D:1      | Reached XP level 1. HP: 12/12 MP: 3/3
     0 | D:1      | 0 ||| qw: Version: 0.3-a-9-g12657ce
     0 | D:1      | 0 ||| qw: Game counter: 3020
     0 | D:1      | 0 ||| qw: Always use a shield: true
     0 | D:1      | 0 ||| qw: God list: Okawaru
     0 | D:1      | 0 ||| qw: Allow faded altars: false
     0 | D:1      | 0 ||| qw: Do Orc after D:15 true
     0 | D:1      | 0 ||| qw: Do second Lair branch before Depths: true
     0 | D:1      | 0 ||| qw: Lair rune preference: random
     0 | D:1      | 0 ||| qw: Plans: Normal
     0 | D:1      | 0 ||| PLANNING D:1-11
   158 | D:1      | Reached skill level 6 in Ranged Weapons
   158 | D:1      | Reached XP level 2. HP: 16/16 MP: 4/4
   499 | D:1      | Found Gimnut's General Store.
   513 | D:1      | 513 ||| SHOPLISTING +0 ring mail of cold resistance (110
                  | gold, have 102).
   513 | D:1      | 513 ||| BUYING 2 scrolls of identify (40 gold).
   513 | D:1      | Bought 2 scrolls of identify for 40 gold pieces
   513 | D:1      | 513 ||| SHOPLISTING scroll of brand weapon (95 gold, have
                  | 62).
   513 | D:1      | 513 ||| BUYING scroll of identify (20 gold).
   513 | D:1      | Bought a scroll of identify for 20 gold pieces
   608 | D:1      | 608 ||| UPGRADING to +6 ring of dexterity.
   609 | D:1      | 609 ||| READING scroll labelled QAAROB RIOTA.
   610 | D:1      | 610 ||| READING scroll labelled MIKO CAHAD.
   611 | D:1      | 611 ||| READING 4 scrolls of identify.
   611 | D:1      | 611 ||| IDENTIFYING clear potion
   612 | D:1      | 612 ||| DROPPING scroll of butterflies.
   738 | D:2      | Reached XP level 3. HP: 14/20 MP: 5/5
   747 | D:2      | Reached skill level 7 in Ranged Weapons
   812 | D:2      | 812 ||| UPGRADING to +0 ring mail.
   817 | D:2      | 817 ||| UPGRADING to +0 ring mail.
   818 | D:2      | Slain by a gnoll

Levels and vault maps discovered:
D:1:      roderic_crossed_star, layout_loops_ring, serial_shops,
          nicolae_shop_peninsula
D:2:      layout_rooms, minmay_pentomino_z4

Skill      XL: |  1  2  3 |
---------------+----------+-----
Ranged Weapons | 6 7 |  7.0
Fighting       | |  1.5
Dodging        | |  2.5
Stealth        | |  1.2

Action                     || total
---------------------------++-------
   Fire: Shortbow          ||    57
    Use: Scroll            ||     3
 Armour: Leather armour    ||     2
  Dodge: Dodged            ||    11

Table legend:
 A = Non-vault XP
 B = Vault XP
 C = Vault XP percentage of total XP
 D = Non-vault monster count
 E = Vault monster count
 F = Vault count percentage of total count
                 A         B        C        D         E       F
            +---------+---------+-------+---------+---------+-------
      Total |      63 |       6 |   8.7 |      24 |       2 |   7.7
            +---------+---------+-------+---------+---------+-------
        D:1 |      32 |       0 |   0.0 |      18 |       0 |   0.0
        D:2 |      31 |       6 |  16.2 |       6 |       2 |  25.0
            +---------+---------+-------+---------+---------+-------
